 Dungeon Crawl Stone Soup version 0.30-a0-591-g3c58d2bc28 (webtiles) character file.

Game seed: 8560644955528472120

11 OTABOTABOTAB the Digger (level 2, 15/15 HPs)
             Began as a Gargoyle Earth Elementalist on Jan 4, 2023.
             Quit the game on level 1 of the Dungeon.
             The game lasted 00:01:57 (508 turns).

OTABOTABOTAB the Digger (GrEE)                       Turns: 508, Time: 00:01:58

Health: 15/15      AC:  5    Str: 11    XL:     2   Next: 29%
Magic:  4/5        EV: 11    Int: 15    God:
Gold:   25         SH:  0    Dex: 10    Spells: 4/5 levels left

rFire   . . .      SeeInvis .    (no weapon)
rCold   . . .      Faith    .    (no shield)
rNeg    + . .      Spirit   .    a - +0 robe
rPois   ∞          Reflect  .    (no helmet)
rElec   +          Harm     .    (no cloak)
rCorr   .          Rampage  .    b - +0 pair of gloves
Will    .....                    (no boots)
Stlth   ++                       (no amulet)
HPRegen 0.22/turn                (no ring)
MPRegen 0.09/turn                (no ring)

@: no status effects
A: sickness immunity, AC +2, negative energy resistance 1, electricity
resistance, torment resistance 1, petrification resistance
a: no special abilities


You were on level 1 of the Dungeon.
You visited 1 branch of the dungeon, and saw 1 of its levels.

You collected 75 gold pieces.
You spent 50 gold pieces at shops.

Inventory:

Hand Weapons
 c - a +0 dagger
   (You took it off a goblin on level 1 of the Dungeon)
 d - a +0 club
   (You took it off a goblin on level 1 of the Dungeon)
 e - a +0 short sword
   (You took it off a kobold on level 1 of the Dungeon)
 i - a +0 dagger
   (You took it off a goblin on level 1 of the Dungeon)
Missiles
 s - 4 stones
Armour
 a - a +0 robe (worn)
 b - a +0 pair of gloves (worn)
   (You found it on level 1 of the Dungeon)
Scrolls
 f - a scroll of brand weapon {unknown}
 h - a scroll of identify {unknown}
Potions
 g - a potion of haste {unknown}
 j - a potion of cancellation {unknown}
 M - a potion of magic
 N - a potion of heal wounds {@q2}


   Skills:
 - Level 1.5 Dodging
 - Level 2.1 Stealth
 + Level 2.2 Spellcasting
 + Level 1.1 Conjurations
 - Level 0.7 Transmutations
 + Level 3.9 Earth Magic


You had 4 spell levels left.
You knew the following spells:

 Your Spells              Type           Power      Damage    Failure   Level
a - Sandblast             Erth           26%        2d8       4%          1

Your spell library contained the following spells:

 Spells                   Type           Power      Damage    Failure   Level
 Passwall                 Tmut/Erth      6%         N/A       13%         2
 Stone Arrow              Conj/Erth      18%        3d8       22%         3
 Petrify                  Tmut/Erth      8%         N/A       63%         4


Dungeon Overview and Level Annotations

Branches:
Dungeon (1/15)

Altars:

Shops:
D:1 (*!


Innate Abilities, Weirdness & Mutations

You are immune to sickness and miasma.
Your stone body is resilient. (AC +2)
You are immune to poison.
You resist negative energy. (rN+)
You are resistant to electric shocks. (rElec)
You are resistant to unholy torment.
You are immune to petrification.


Message History

You see here a goblin corpse.
MP restored: 3 A frilled lizard comes into view.
You see here 14 gold pieces.
A frilled lizard is nearby!
Unknown command.
A frilled lizard is nearby!
The frilled lizard hisses angrily.
The blast of sand hits the frilled lizard!
You kill the frilled lizard!
You now have 2/3 mp.
No target in view!
You now have 40 gold pieces (gained 14).
d - a +0 club You see here a goblin corpse.
MP restored: 3 You now have 59 gold pieces (gained 19).
You open the door.
There is an open door here.
A kobold comes into view. It is wielding a +0 short sword.
The kobold throws a stone.
The stone barely misses you.
A kobold is nearby!
No target in view!
No target in view!
No target in view!
A quokka comes into view.
The blast of sand hits the kobold.
You kill the kobold!
You now have 2/3 mp.
e - a +0 short sword;
s - 4 stones You see here a kobold corpse.
MP restored: 3 A quokka is nearby!
The blast of sand hits the quokka!
You kill the quokka!
You have reached level 2!
Health restored: 15 No target in view!
A hobgoblin comes into view.
Found a stone staircase leading down.
MP restored: 5 A hobgoblin is nearby!
The blast of sand hits the hobgoblin!
You kill the hobgoblin!
Your Conjurations skill increases to level 1!
You now have 4/5 mp.
No target in view!
There is a stone staircase leading down here.
f - a scroll labelled BAMUKE SATHYC MP restored: 5 You open the door.
There is an open door here.
g - a green potion
Found a stone staircase leading down.
h - a scroll labelled LIPLELUSIM You see here a +1 spear of pain.
You now have 62 gold pieces (gained 3).
There is a stone staircase leading down here.
A goblin comes into view. It is wielding a +0 dagger.
A goblin is nearby!
A goblin is nearby!
The goblin shouts!
The blast of sand hits the goblin!
You kill the goblin!
You now have 4/5 mp.
i - a +0 dagger You see here a goblin corpse.
A frilled lizard comes into view.
MP restored: 5 A frilled lizard is nearby!
The frilled lizard hisses angrily.
The blast of sand hits the frilled lizard!
You kill the frilled lizard!
You now have 4/5 mp.
No target in view!
You now have 75 gold pieces (gained 13).
Found Syarouni's Distillery.
MP restored: 5
There is an entrance to Syarouni's Distillery here.
N - a potion of heal wounds {@q2} Thank you for shopping at Syarouni's Distillery!
There is an entrance to Syarouni's Distillery here.
A rat comes into view.
A rat is nearby!
The blast of sand hits the rat!
You kill the rat!
You now have 4/5 mp.
No target in view!
j - a lumpy sapphire potion MP restored: 5 A kobold comes into view.
It is wielding a +0 club.
The kobold shouts!
A kobold is nearby!
A kobold is nearby!
Found Mooghy's Weapon Shop.
The blast of sand hits the kobold!
You kill the kobold!
You now have 4/5 mp.
No target in view!
No target in view!

###### #≈..∩..≈# ....##
#..≈≈≈..# #### #.≈≈≈≈≈.#
##...
#.≈≈≈≈≈.#+######....
#.≈≈≈≈≈.#...#....##.
###..≈≈≈).#...#....##.
##.##.....##...+.......
.#.....@........#......#
#.#.....................
#$..........####.....##
#.#..........####.###...
.#..................#...
###......####....#.#...
##...### ###########
#...### ......


There were no monsters in sight!

Vanquished Creatures
  3 goblins (D:1)
  A hobgoblin (D:1)
  A quokka (D:1)
  A bat (D:1)
  2 frilled lizards (D:1)
  2 kobolds (D:1)
  2 rats (D:1)
12 creatures vanquished.

Notes
Turn   | Place    | Note
-------+----------+-------------------------------------------
     0 | D:1      | OTABOTABOTAB the Gargoyle Earth Elementalist began the
                  | quest for the Orb.
     0 | D:1      | Reached XP level 1. HP: 10/10 MP: 3/3
    21 | D:1      | Found Tuturu's Assorted Antiques.
   172 | D:1      | Reached XP level 2. HP: 15/15 MP: 3/5
   223 | D:1      | Reached skill level 1 in Conjurations
   457 | D:1      | Found Syarouni's Distillery.
   465 | D:1      | Bought a potion of heal wounds for 50 gold pieces
   506 | D:1      | Found Mooghy's Weapon Shop.
   508 | D:1      | Quit the game

Illustrated notes

Levels and vault maps discovered:
D:1:      lightli_arrival_statue_moat, layout_basic, serial_shops, shop,
          nicolae_shop_advertising_works [nicolae_subvault_shop_adworks],
          nicolae_lakefront_shop, nicolae_square_shop,
          hangedman_abyss_or_decor_lesser_grid, columned_hall_lemuel,
          roderic_roman_lattice, corexii_corridor_pit, serial_bayou_pond_a,
          chequers_serial_rivers_micro_b

Skill      XL: |  1  2 |
---------------+-------+-----
Conjurations   | 1 |  1.1
Dodging        | |  1.5
Stealth        | |  2.1
Spellcasting   | |  2.2
Transmutations | |  0.7
Earth Magic    | |  3.9

Action                   || total
-------------------------++-------
Melee: Unarmed           ||     2
 Cast: Sandblast         ||    12
Armor: Robe              ||     1
Dodge: Dodged            ||     2

Table legend: (Time is in decaauts)
 A = Elapsed time spent in this place.
 B = Non-inter-level travel time spent in this place.
 C = Inter-level travel time spent in this place.
 D = Time resting spent in this place.
 E = Time spent auto-exploring this place.
 F = Levels seen in this place.
 G = Mean time per level.
                   A        B        C        D        E       F      G
               +--------+--------+--------+--------+--------+-----+--------+
         Total |    514 |    514 |      0 |      0 |    449 |   1 |  514.0 |
       Dungeon |    514 |    514 |      0 |      0 |    449 |   1 |  514.0 |
               +--------+--------+--------+--------+--------+-----+--------+

Top non-repeatable levels by time:
     D:1: 514 daAuts

Table legend:
 A = Kills in this place as a percentage of kills in entire the game.
 B = Kills by you in this place as a percentage of kills by you in the entire game.
 C = Kills by friends in this place as a percentage of kills by friends in the entire game.
 D = Other kills in this place as a percentage of other kills in the entire game.
 E = Experience gained in this place as a percentage of experience gained in the entire game.
 F = Experience gained in this place divided by the number of levels of this place that you have seen.
                   A       B       C       D       E      F
               +-------+-------+-------+-------+-------+----------------------
         Total | 100.0 | 100.0 |   N/A |   N/A | 100.0 |  17.0
       Dungeon | 100.0 | 100.0 |   N/A |   N/A | 100.0 |  17.0
               +-------+-------+-------+-------+-------+----------------------
